 Dungeon Crawl Stone Soup version 0.30.0-5-g1a98f26d00 (webtiles) character file.

Game seed: 4689290864173122843

296 Jackthecabe the Cudgeller (level 6, -7/63 HPs)
             Began as an Ogre Delver on May 10, 2023.
             Mangled by Pikel
             ... wielding a +0 whip of freezing
              (9 damage)
             ... on level 3 of the Dungeon.
             The game lasted 00:04:47 (3450 turns).

Jackthecabe the Cudgeller (Ogre Delver)             Turns: 3450, Time: 00:04:48

Health: -7/63      AC:  4    Str: 19    XL:     6   Next: 35%
Magic:  6/6        EV: 10    Int: 11    God:
Gold:   131        SH:  0    Dex: 10    Spells: 5/5 levels left

rFire   . . .        k - +2 mace (holy)
rCold   . . .        (no shield)
rNeg    . . .        b - +0 robe
rPois   .            (helmet restricted)
rElec   .            i - +0 cloak
rCorr   .            (gloves unavailable)
SInv    .            (boots unavailable)
Will    .....        (no amulet)
Stlth   ++           (no ring)
HPRegen 0.30/turn    (no ring)
MPRegen 0.10/turn

%: no passive effects
@: hasted, very quick
A: large, unfitting armour, tough skin 1
a: no special abilities


You were on level 3 of the Dungeon.
You visited 1 branch of the dungeon, and saw 5 of its levels.

You collected 131 gold pieces.


Innate Abilities, Weirdness & Mutations

You are too large for most types of armour.
You have tough skin. (AC +1)


   Skills:
 - Level 4.7 Fighting
 + Level 5.0 Maces & Flails
 - Level 2.4 Dodging
 - Level 4.0 Stealth


You had 5 spell levels left.
You didn't know any spells.
Your spell library was empty.

Inventory:

Hand Weapons
 k - a +2 mace of holy wrath (weapon)
Armour
 b - a +0 robe (worn)
 i - a +0 cloak (worn)
Jewellery
 R - a ring of resist corrosion
Wands
 g - a wand of digging (3)
Scrolls
 c - 2 scrolls of fog
 d - a scroll of magic mapping
 e - a scroll of fear
 j - 2 scrolls of identify {unknown}
 l - a scroll of enchant armour {unknown}
 m - 2 scrolls of vulnerability {unknown}
 n - a scroll of torment {unknown}
 o - a scroll of teleportation {unknown}
 q - a scroll of acquirement {unknown}
 v - a scroll of summoning {unknown}
 w - a scroll of amnesia {unknown}
Potions
 f - a potion of haste {@q3}
 h - a potion of heal wounds {unknown}
 p - 3 potions of flight {unknown}
 r - a potion of mutation {unknown}
 s - 2 potions of curing {unknown}
 t - a potion of magic {unknown}
 u - a potion of cancellation {unknown}
 x - a potion of lignification {unknown}

Dungeon Overview and Level Annotations

Branches:
Dungeon (5/15)
 Temple: D:4-7

Altars:

Shops:
D:1 =

Annotations:
D:3 2 runed translucent doors, MothFluffs's ghost, amateur DsMo; Pikel; Sigmund

###### ##### #....#### ....#
#.#.....#
....###############.#####.#
.....†.........5>##.....#.#
....#####.######@######.#.##
.....# #.# #K# #.#<.# .....#
#.# #.# #.#### .....# #.#
#.# #.#..# ######
##.######.######.#.##
#...................#
#..#....#.######.#.##
#..#.##.#.# #.#.#
#..#.##.#.# #.#.#


You could see Pikel and a lemure.


Message History

Pikel freezes you.
* * * LOW HITPOINT WARNING * * *
The lemure barely misses you.
You barely miss Pikel.
Pikel is moderately wounded.
Pikel hits you with a +0 whip of freezing!
* * * LOW HITPOINT WARNING * * *
Pikel freezes you.
* * * LOW HITPOINT WARNING * * *
The lemure barely misses you.
You hit Pikel but do no damage.
Pikel is moderately wounded.
Pikel closely misses you. The lemure hits you.
* * * LOW HITPOINT WARNING * * *
Okay, then.
You barely miss Pikel.
Pikel is moderately wounded.
The lemure barely misses you.
You barely miss Pikel.
Pikel is moderately wounded.
Pikel is no longer blind.
Pikel hits you with a +0 whip of freezing!
* * * LOW HITPOINT WARNING * * *
Pikel freezes you.
* * * LOW HITPOINT WARNING * * *
The lemure hits you.
* * * LOW HITPOINT WARNING * * *
You feel yourself speed up.
Pikel hits you with a +0 whip of freezing!
You die...

Skill      XL: |  1  2  3  4  5  6 |
---------------+-------------------+-----
Maces & Flails | 2 3 4 5 |  5.0
Dodging        | 2 |  2.4
Stealth        | 4 |  4.0
Fighting       | |  4.7

Action                     |  1- 3 |  4- 6 || total
---------------------------+-------+-------++-------
  Melee: Mace              |    21 |   196 ||   217
  Evoke: Wand              |       |     3 ||     3
    Use: Potion            |       |     1 ||     1
   Stab: Sleeping          |       |    11 ||    11
 Armour: Robe              |     4 |    64 ||    68
  Dodge: Dodged            |    18 |   122 ||   140

Levels and vault maps discovered:
D:1:      lemuel_arrival_behind_the_door_large, layout_basic, serial_shops,
          nicolae_shop_gaudy_bauble
D:2:      layout_loops_corners, st_stairs_7, kennysheep_generic_room_8
D:3:      layout_basic, ebering_ghost_disaster_area, due_unseen_surprise,
          uniq_jessica, uniq_sigmund
D:4:      layout_cave_pools, nzn_hepliaklqana_mist_gate, uniq_pikel
D:5:      layout_loops_cross

Notes
Turn   | Place    | Note
-------+----------+-------------------------------------------
     0 | D:5      | Jackthecabe the Ogre Delver began the quest for the Orb.
     0 | D:5      | Reached XP level 1. HP: 24/24 MP: 1/1
   112 | D:5      | Noticed a hound
   124 | D:5      | Killed a hound
   125 | D:5      | Reached skill level 2 in Maces & Flails
   125 | D:5      | Reached skill level 2 in Dodging
   125 | D:5      | Reached XP level 2. HP: 18/33 MP: 2/2
   125 | D:5      | Reached XP level 3. HP: 22/40 MP: 3/3
   231 | D:5      | Reached skill level 4 in Stealth
   231 | D:5      | Reached XP level 4. HP: 10/49 MP: 4/4
   379 | D:4      | Noticed a scorpion
   388 | D:5      | Reached skill level 3 in Maces & Flails
   480 | D:4      | Reached XP level 5. HP: 21/55 MP: 5/5
   760 | D:3      | Noticed Sigmund
  1494 | D:1      | Reached skill level 4 in Maces & Flails
  1966 | D:1      | Found Baw Uhi's Jewellery Emporium.
  2683 | D:3      | Noticed Jessica
  2701 | D:3      | Killed Jessica
  2828 | D:3      | Found a large runed translucent door.
  2828 | D:3      | Found a large runed translucent door.
  2829 | D:3      | Noticed MothFluffs's ghost (amateur DsMo)
  2845 | D:3      | Reached XP level 6. HP: 56/63 MP: 6/6
  2986 | D:4      | Reached skill level 5 in Maces & Flails
  3003 | D:4      | Noticed Pikel
  3449 | D:3      | HP: 5/63 [Pikel/+0 whip of freezing (2)]
  3449 | D:3      | HP: 1/63 [lemure[Pikel] (4)]
  3450 | D:3      | Mangled by Pikel

Vanquished Creatures
  2 lemures (D:3)
  A scorpion (D:4)
  2 hounds (D:5)
  A jelly (D:5)
  Jessica (D:3)
  An iguana (D:4)
  An adder (D:3)
  A white imp (D:5)
  An ufetubus (D:5)
  2 dart slugs (D:1)
  7 orcs
  3 endoplasms
  4 giant cockroaches
  5 goblins
  4 hobgoblins
  2 jackals (D:3)
  7 kobolds
  A quokka (D:2)
  8 ball pythons
  7 bats
  3 frilled lizards
  7 rats
71 creatures vanquished.

Table legend: (Time is in decaauts)
 A = Elapsed time spent in this place.
 B = Non-inter-level travel time spent in this place.
 C = Inter-level travel time spent in this place.
 D = Time resting spent in this place.
 E = Time spent auto-exploring this place.
 F = Levels seen in this place.
 G = Mean time per level.
                   A        B        C        D        E       F      G
               +--------+--------+--------+--------+--------+-----+--------+
         Total |   3498 |   3322 |    176 |    662 |   1928 |   5 |  699.6 |
       Dungeon |   3498 |   3322 |    176 |    662 |   1928 |   5 |  699.6 |
               +--------+--------+--------+--------+--------+-----+--------+

Top non-repeatable levels by time:
     D:3: 1265 daAuts
     D:2: 981 daAuts
     D:1: 693 daAuts
     D:5: 474 daAuts
     D:4: 83 daAuts

Table legend:
 A = Non-vault XP
 B = Vault XP
 C = Vault XP percentage of total XP
 D = Non-vault monster count
 E = Vault monster count
 F = Vault count percentage of total count
                 A         B        C        D         E       F
            +---------+---------+-------+---------+---------+-------
      Total |     379 |      45 |  10.6 |      63 |       6 |   8.7
            +---------+---------+-------+---------+---------+-------
        D:1 |      35 |       0 |   0.0 |      20 |       0 |   0.0
        D:2 |      29 |       8 |  21.6 |      16 |       5 |  23.8
        D:3 |      51 |      37 |  42.0 |      20 |       1 |   4.8
        D:4 |     119 |       0 |   0.0 |       2 |       0 |   0.0
        D:5 |     145 |       0 |   0.0 |       5 |       0 |   0.0
            +---------+---------+-------+---------+---------+-------
